 Dungeon Crawl Stone Soup version 0.16-a0-3338-g5ad3fa0 (console) character file.

51636 Roderic the Protected (level 15, -18/80 HPs)
             Began as a Human Gladiator on Dec 27, 2014.
             Was an Elder of Pakellas.
             Demolished by a tentacled starspawn (20 damage)
             ... on level 1 of the Abyss.
             The game lasted 02:10:22 (21454 turns).

Roderic the Protected (Human Gladiator)            Turns: 21454, Time: 02:10:22

Health: -18/80     AC: 35    Str: 12    XL:     15   Next: 2%
Magic:  5/5        EV:  8    Int: 11    God:    Pakellas [****..]
Gold:   735        SH:  0    Dex: 20    Spells: 0 memorised, 14 levels left

rFire  + . .     SeeInvis +     C - +10 war axe of Domination {antimagic, +Fly Dex+3}
rCold  + . .     Rnd*Rage +     R - +7 plate armour of Ratos {Int+4 Dex+4}
rNeg   + . .     SustAb   .     (no shield)
rPois  +         Gourm    .     m - +1 helmet {SInv}
rElec  +         Spirit   .     r - +2 cloak
rCorr  .         Warding  .     J - +2 pair of gloves
rMut   .         Stasis   .     t - +1 pair of boots of the Serpent {rElec rF+ Curse}
MR     ++...     NoCast   +     x - amulet of regeneration
Stlth  ..........               V - +3 ring of slaying
                                c - ring of Coheemocug {-Cast +Fly rPois rC+ rN+ MR+}

@: very resistant to hostile enchantments, extremely unstealthy
A: berserk 1, blurry vision 2, clumsy 2, deterioration 2, dopey 2, frail 3, low
mp 3, screaming 1, slow healing 2, weak 2, forlorn
a: Minor Device Surge, Quick Charge, Device Surge, Renounce Religion, Evoke
Flight


You were on level 1 of the Abyss.
You worshipped Pakellas.
Pakellas was greatly pleased with you.
You were not hungry.

You visited 4 branches of the dungeon, and saw 23 of its levels.
You visited the Abyss 1 time.
You also visited: Labyrinth and Ice Cave.

You collected 2023 gold pieces.
You spent 1248 gold pieces at shops.

Inventory:

Hand weapons
 f - the +9 shortbow "Asuqeeh" {speed, MR+}
   (You found it on level 9 of the Dungeon)

   Attacks with this weapon are significantly faster.
   It affects your resistance to hostile enchantments.
 q - a +7 quarterstaff of chaos
 A - a +0 blowgun
 C - the +10 war axe of Domination (weapon) {antimagic, +Fly Dex+3}
   (You found it in an ice cave)

   It disrupts the flow of magical energy around spellcasters and certain
   magical creatures (including the wielder).
   It affects your dexterity (+3).
   It lets you fly.
Missiles
 z - 13 poisoned needles
 K - 3 steel javelins (quivered)
 L - 159 arrows
 P - 2 curare-tipped needles
Armour
 m - a +1 helmet of see invisible (worn)
 r - a +2 cloak (worn)
 t - the +1 pair of boots of the Serpent (worn) {rElec rF+ Curse}
   (You found it in a labyrinth)

   It protects you from fire.
   It insulates you from electricity.
   It may recurse itself when equipped.
 J - a +2 pair of gloves (worn)
 R - the +7 plate armour of Ratos (worn) {Int+4 Dex+4}
   (You found it on level 8 of the Dungeon)

   It affects your intelligence (+4).
   It affects your dexterity (+4).
Rods
 a - a +3 iron rod (10/10)
   (You took it off a minotaur in a labyrinth)
Jewellery
 c - the ring of Coheemocug (left hand) {-Cast +Fly rPois rC+ rN+ MR+}
   (You bought it in a shop on level 10 of the Dungeon)

   [ring of flight]

   It protects you from cold.
   It protects you from poison.
   It protects you from negative energy.
   It affects your resistance to hostile enchantments.
   It lets you fly.
   It prevents spellcasting.
 g - an uncursed ring of teleportation
 o - an uncursed amulet of the gourmand
 w - an uncursed ring of protection from fire
 x - an amulet of regeneration (around neck)
 V - a +3 ring of slaying (right hand)
Magical devices
 b - a wand of fire (2)
 e - a wand of frost (14)
 j - a wand of random effects (25)
 s - a wand of slowing (28)
 u - a wand of digging (1)
 v - a wand of slowing (40)
 H - a wand of confusion (25)
 Q - a wand of heal wounds (0)
 W - a wand of enslavement (3)
Scrolls
 d - 2 scrolls of immolation
 n - a scroll of blinking
 y - a scroll of teleportation
 B - a scroll of magic mapping
 D - 2 scrolls of fear {unknown}
 G - 5 scrolls of remove curse
 M - a scroll of acquirement {unknown}
 N - a scroll of noise {unknown}
Potions
 h - 3 potions of curing
 i - 3 potions of magic
 k - a potion of poison {unknown}
 l - 3 potions of flight {unknown}
 E - 2 potions of agility {unknown}
 F - 3 potions of brilliance {unknown}
 I - a potion of beneficial mutation {unknown}
 O - a potion of berserk rage {unknown}
 T - 4 potions of restore abilities
 U - a potion of invisibility {unknown}
 X - 2 potions of mutation {unknown}
Miscellaneous
 p - a plain deck of changes {drawn: 2}
 Y - an ornate deck of summonings {drawn: 1}
Comestibles
 S - 2 bread rations
 Z - 3 meat rations


   Skills:
 + Level 10.0 Fighting
 + Level 8.0 Axes
 + Level 11.4 Staves
 + Level 3.8 Bows
 + Level 5.3 Throwing
 * Level 13.6 Armour
 + Level 7.8 Dodging
 + Level 6.9 Stealth
 * Level 6.4 Evocations


You had 14 spell levels left.
You didn't know any spells.

Dungeon Overview and Level Annotations

Branches:
Dungeon (10/15)            Temple (1/1) D:6            Lair (8/8) D:9
 Shoals (0/5) Lair:3       Spider (0/5) Lair:4        Slime (0/6) Lair:6
    Orc (4/4) D:10            Elf (0/3) Orc:3

Altars:
Ashenzari
Cheibriados
Dithmenos
Elyvilon
Fedhas
Gozag
Kikubaaqudgha
Makhleb
Nemelex Xobeh
Okawaru
Pakellas
Qazlal
Ru
Sif Muna
Trog
Vehumet
Xom
Yredelemnul
Zin
The Shining One

Shops:
D:8 [   D:10 ==[*   Orc:4 [

Annotations:
Lair:3 Gastronok
Lair:7 exclusion: oklob plant


Innate Abilities, Weirdness & Mutations

[You tend to lose your temper in combat.]
[Scrolls take you longer to read.]
[You are very clumsy. (Dex -4)]
[Your body is deteriorating.]
[You are very dopey. (Int -4)]
[You are extremely frail (-30% HP).]
[Your magical capacity is extremely low (-30% MP).]
[You occasionally shout uncontrollably at your foes.]
[You do not heal naturally when monsters are visible.]
[You are very weak. (Str -4)]
[You have difficulty communicating with the divine.]


Message History

* * * LOW HITPOINT WARNING * * *
The tentacled starspawn barely misses you.
Your plate armour of Ratos prevents you from hitting the tentacled starspawn.
The tentacled starspawn bites you!!
* * * LOW HITPOINT WARNING * * *
The tentacled starspawn engulfs you but does no damage.
That item cannot be evoked!
Evoke which item? (* to show all) (? for menu, Esc to quit)
That item cannot be evoked!
Evoke which item? (* to show all) (? for menu, Esc to quit)
Zapping:
Q - a wand of heal wounds {zapped: 2} {god gift} (will waste charges)
Press: ? - help, Shift-Dir - straight line, f - you Nothing appears to happen.
The tentacled starspawn closely misses you.
The tentacled starspawn engulfs you but does no damage.
Read which item? (? for menu, Esc to quit)
Keep reading the scroll?
You begin reading the scroll.
You continue reading the scroll.
The tentacled starspawn bites you!!
You die...

▒. ▒ . ▒.▒
▒ ▒.▒ ▒▒.
▒ ..▒ ▒
▒▒.▒ ...▒▒
. ▒ ▒.. .
.... ▒.X.
x▒..▒▒ ▒
▒▒w..▒w▒.▒
▒3▒▒X▒▒..
.5 .▒@▒ ▒
▒.▒▒▒▒▒▒ ▒
.▒ ▒. . .
▒.▒ ▒▒▒ .
. ▒ .▒ ▒.
..


You could see a tentacled starspawn, a small abomination and a starspawn
tentacle.

Vanquished Creatures
  Maud (Lair:6)
  A minotaur (Lab)
  Fannar (Orc:2)
  4 hydras
  A deep troll (Orc:4)
  A death yak (Lair:4)
  Nergalle (Lair:4)
  4 hill giants
  2 lindwurms
  A griffon (Lair:5)
  A cyclops (Orc:3)
  A salamander (IceCv)
  3 elephants
  7 black mambas
  A torpor snail (Lair:5)
  5 komodo dragons
  11 spiny frogs
  4 fire drakes
  9 polar bears (IceCv)
  A troll (Orc:4)
  Prince Ribbit (Orc:1)
  A two-headed ogre (Orc:4)
  2 ancient zymes (Abyss:1)
  16 blink frogs
  2 boulder beetles (Lair:8)
  A raven (shapeshifter) (Lair:8)
  4 basilisks
  A wyvern (Lair:8)
  51 yaks
  A neqoxec (Abyss:1)
  Eustachio (D:9)
  A small abomination (Abyss:1)
  2 steam dragons
  5 hippogriffs
  2 hungry ghosts
  25 wolves
  A warg (Orc:3)
  A hell hound (Abyss:1)
  14 water moccasins
  8 orc warriors
  4 black bears (D:7)
  An ice beast (D:6)
  A large abomination (Abyss:1)
  10 porcupines
  2 yellow wasps
  3 centaurs
  An eye of draining (Abyss:1)
  The ghost of Roderic the Sneak, an average HuWn (D:3)
  3 phantoms
  A boring beetle (Lair:8)
  11 ogres
  9 giant frogs
  13 crocodiles
  2 scorpions
  4 electric eels (Lair:8)
  3 wights (D:9)
  4 crimson imps
  2 jellies (D:9)
  A goliath beetle (D:7)
  9 hounds
  10 orc priests
  2 worker ants
  Crazy Yiuf (D:2)
  2 giant frog zombies
  13 iguanas
  A quasit (D:7)
  A centaur skeleton (D:4)
  7 orc wizards
  8 sheep
  3 hound zombies
  A hound skeleton (D:5)
  Robin (D:2)
  23 adders
  5 gnolls
  38 river rats
  2 shadow imps (D:5)
  An ufetubus (Abyss:1)
  4 giant geckos
  2 oozes
  105 orcs
  A ball python (D:3)
  A bat skeleton (D:5)
  8 giant cockroaches
  14 hobgoblins
  6 jackals
  14 quokkas
  18 bats
  A giant cockroach zombie (D:5)
  3 giant newts
  A giant spore (D:6)
  24 goblins
  13 kobolds
  A kobold zombie (D:5)
  15 rats
  A spectral orc (Lair:4)
  3 ballistomycetes (D:6)
  A bush (Lair:1)
  2 fungi
  2 plants
644 creatures vanquished.

Vanquished Creatures (collateral kills)
  An ogre mage (Orc:4)
  A hill giant (Orc:4)
  A cyclops (Orc:4)
  2 torpor snails (Lair:8)
  A spiny frog (Lair:8)
  2 trolls (Orc:4)
  3 two-headed ogres (Orc:4)
  A polar bear (IceCv)
  6 ogres (Orc:4)
  A boring beetle (Lair:8)
  2 orcs (Orc:1)
21 creatures vanquished.

Vanquished Creatures (others)
  A hydra (Lair:8)
  An elephant (Lair:7)
  A spiny frog (Lair:8)
  A polar bear (IceCv)
  A river rat zombie (Lair:8)
  A hobgoblin zombie (Orc:3)
  2 orc zombies
  4 fungi
  17 plants
  8 starspawn tentacles (Abyss:1)
  152 starspawn tentacle segments (Abyss:1)
189 creatures vanquished.

Grand Total: 854 creatures vanquished

Notes
Turn   | Place    | Note
--------------------------------------------------------------
     0 | D:1      | Roderic, the Human Gladiator, began the quest for the Orb.
     0 | D:1      | Reached XP level 1. HP: 16/16 MP: 1/1
    28 | D:1      | Reached XP level 2. HP: 19/22 MP: 2/2
   193 | D:1      | Found a shattered altar of Ashenzari.
   204 | D:1      | Reached XP level 3. HP: 14/27 MP: 3/3
   689 | D:2      | Reached XP level 4. HP: 33/33 MP: 4/4
   770 | D:2      | Noticed Crazy Yiuf
   793 | D:2      | Killed Crazy Yiuf
   793 | D:2      | Reached skill level 1 in Armour
   857 | D:2      | Noticed Robin
   880 | D:2      | Killed Robin
   906 | D:2      | Reached XP level 5. HP: 29/39 MP: 5/5
  1038 | D:2      | Reached skill level 4 in Dodging
  1343 | D:2      | Found a deep blue altar of Sif Muna.
  1473 | D:3      | Noticed Roderic's ghost (average HuWn)
  1501 | D:3      | Killed Roderic's ghost
  1788 | D:2      | Reached XP level 6. HP: 46/46 MP: 6/6
  1869 | D:3      | Found a glowing silver altar of Zin.
  1869 | D:3      | Noticed an angel
  1957 | D:3      | Found a sacrificial altar of Ru.
  2549 | D:4      | Reached XP level 7. HP: 48/52 MP: 7/7
  2600 | D:4      | Reached skill level 1 in Stealth
  2602 | D:4      | Reached skill level 5 in Dodging
  2687 | D:4      | Reached skill level 5 in Staves
  2921 | D:5      | Entered Level 5 of the Dungeon
  3003 | D:5      | Reached XP level 8. HP: 58/58 MP: 8/8
  3094 | D:5      | Found a glowing golden altar of the Shining One.
  3258 | D:5      | Found a white marble altar of Elyvilon.
  3343 | D:5      | Found a bloodstained altar of Trog.
  3868 | D:6      | You fall through a shaft!
  3876 | D:7      | Reached skill level 6 in Staves
  3974 | D:6      | Found a basalt altar of Yredelemnul.
  3978 | D:6      | Found a sparkling altar of Nemelex Xobeh.
  4098 | D:6      | Reached XP level 9. HP: 61/66 MP: 9/9
  4174 | D:6      | Found a staircase to the Ecumenical Temple.
  4188 | Temple   | Entered the Ecumenical Temple
  4262 | Temple   | Became a worshipper of Pakellas the Inventive
  4770 | D:7      | Reached skill level 5 in Fighting
  4799 | D:7      | Reached skill level 7 in Staves
  4800 | D:7      | Found a blossoming altar of Fedhas.
  5879 | D:8      | Found a radiant altar of Vehumet.
  5884 | D:8      | Found a shimmering altar of Xom.
  5911 | D:8      | Got a ruby-encrusted plate armour
  5937 | D:8      | Found Gumpig Tuch's Armour Emporium.
  6024 | D:8      | Found a shimmering altar of Xom.
  6157 | D:8      | Identified the +7 plate armour of Ratos {Int+4 Dex+4} (You found it on level 8 of the Dungeon)
  6438 | D:9      | Found an ancient bone altar of Kikubaaqudgha.
  6507 | D:9      | Reached skill level 5 in Armour
  6507 | D:9      | Reached XP level 10. HP: 74/76 MP: 10/10
  6648 | D:9      | Reached skill level 5 in Stealth
  6656 | D:9      | Acquired Pakellas' first power
  6656 | D:9      | Reached skill level 8 in Staves
  6786 | D:9      | Noticed Eustachio
  6816 | D:9      | Killed Eustachio
  7038 | D:9      | Got an encrusted shortbow
  7039 | D:9      | Identified the +9 shortbow "Asuqeeh" {speed, MR+} (You found it on level 9 of the Dungeon)
  7170 | D:9      | Reached skill level 1 in Bows
  7226 | D:9      | Reached skill level 1 in Evocations
  7542 | D:9      | Found a staircase to the Lair.
  7550 | Lair:1   | Entered Level 1 of the Lair of Beasts
  7589 | Lair:1   | Noticed a spiny frog
  7606 | Lair:1   | Killed a spiny frog
  8691 | Lair:2   | Found a frozen archway.
  8698 | Lair:2   | Reached XP level 11. HP: 66/83 MP: 13/13
  8714 | IceCv    | Entered an ice cave
  9044 | IceCv    | Reached skill level 9 in Staves
  9235 | IceCv    | Acquired Pakellas' second power
  9402 | IceCv    | Reached XP level 12. HP: 67/92 MP: 14/14
  9420 | IceCv    | Got a slimy war axe
  9421 | IceCv    | Identified the +10 war axe of Domination {antimagic, +Fly Dex+3} (You found it in an ice cave)
  9471 | IceCv    | Noticed an ice statue
  9726 | Lair:2   | Reached skill level 1 in Axes
  9866 | Lair:2   | Noticed a spiny frog
  9875 | Lair:2   | Killed a spiny frog
  9875 | Lair:2   | Reached skill level 10 in Armour
  9991 | Lair:2   | Noticed a black mamba
  9999 | Lair:2   | Killed a black mamba
 10186 | Lair:2   | Noticed a spiny frog
 10200 | Lair:2   | Killed a spiny frog
 10200 | Lair:2   | Acquired Pakellas' third power
 10497 | Lair:3   | Noticed Gastronok
 10501 | Lair:3   | Found a staircase to the Shoals.
 10640 | Lair:3   | Reached skill level 10 in Staves
 10914 | Lair:3   | Noticed a catoblepas
 11297 | Lair:4   | Found a hole to the Spider Nest.
 11497 | Lair:4   | Noticed Nergalle
 11511 | Lair:4   | Killed Nergalle
 11866 | Lair:5   | Reached skill level 11 in Armour
 12304 | Lair:5   | Reached XP level 13. HP: 67/99 MP: 5/17
 12318 | Lair:5   | Reached skill level 5 in Axes
 12769 | Lair:5   | Noticed a death yak
 12789 | Lair:4   | Killed a death yak
 13325 | Lair:6   | Found a staircase to the Slime Pits.
 13355 | Lair:6   | Found a dark tunnel.
 13375 | Lair:6   | Noticed Maud
 13408 | Lair:6   | Killed Maud
 13442 | Lair:6   | Found a labyrinth entrance.
 13473 | Lab      | Entered a labyrinth
 13909 | Lab      | Noticed a minotaur
 13933 | Lab      | Killed a minotaur
 13933 | Lab      | Reached skill level 12 in Armour
 13937 | Lab      | Identified the Incunabulum of Unstable Stones
 13938 | Lab      | Got a pair of spiked boots
 13949 | Lab      | Identified the +1 pair of boots of the Serpent {rElec rF+ Curse} (You found it in a labyrinth)
 13954 | Lab      | Got a brightly glowing chain mail
 13983 | Lair:6   | Identified the +8 chain mail of the Lotus Blossom {rElec MR+} (You found it in a labyrinth)
 15610 | Lair:7   | Reached XP level 14. HP: 99/108 MP: 20/20
 16198 | Lair:8   | Entered Level 8 of the Lair of Beasts
 17726 | Lair:8   | Reached skill level 5 in Evocations
 17796 | Lair:8   | Reached skill level 13 in Armour
 17807 | Lair:8   | Reached skill level 5 in Throwing
 18943 | D:10     | Entered Level 10 of the Dungeon
 18950 | D:10     | Found Gozag's Nutrition Petition.
 18951 | D:10     | Found an opulent altar of Gozag.
 19131 | D:10     | Found Uschotuha's Jewellery Boutique.
 19141 | D:10     | Bought a +3 ring of slaying for 495 gold pieces
 19141 | D:10     | Bought an uncursed amulet of regeneration for 330 gold pieces
 19168 | D:10     | Found Roza's Jewellery Shoppe.
 19202 | D:10     | Found Pnimuis' Armour Emporium.
 19249 | D:10     | Found a staircase to the Orcish Mines.
 19254 | Orc:1    | Entered Level 1 of the Orcish Mines
 19284 | Orc:1    | Noticed Prince Ribbit
 19303 | Orc:1    | Killed Prince Ribbit
 19339 | Orc:1    | Received a gift from Pakellas
 19536 | Orc:2    | Acquired Pakellas' fourth power
 19590 | Orc:2    | Found a bloodstained altar of Trog.
 19594 | Orc:2    | Noticed Fannar
 19980 | Orc:3    | Found a staircase to the Elven Halls.
 20273 | D:10     | Bought the ring of Coheemocug {-Cast +Fly rPois rC+ rN+ MR+} for 423 gold pieces
 20314 | Orc:2    | Killed Fannar
 20314 | Orc:2    | Reached skill level 10 in Fighting
 20599 | Orc:4    | Entered Level 4 of the Orcish Mines
 21216 | Orc:4    | Found Waop's Armour Shop.
 21271 | Orc:4    | Cast into the Abyss (an ogre mage)
 21344 | Abyss:1  | Reached XP level 15. HP: 115/115 MP: 5/24
 21369 | Abyss:1  | Noticed a tentacled starspawn
 21418 | Abyss:1  | Gained mutation: [Your magical capacity is very low (-20% MP).] [a neqoxec]
 21451 | Abyss:1  | HP: 2/80 [tentacled starspawn (20)]
 21454 | Abyss:1  | Demolished by a tentacled starspawn

Action                   |  1- 3 |  4- 6 |  7- 9 | 10-12 | 13-15 || total
-------------------------+-------+-------+-------+-------+-------++-------
Melee: Quarterstaff      |    99 |   169 |   305 |   563 |   827 ||  1963
       War axe           |       |       |       |   142 |   203 ||   345
 Fire: Blowgun           |       |       |    14 |    14 |    25 ||    53
       Shortbow          |       |       |       |    49 |    27 ||    76
Throw: Throwing net      |     1 |     9 |     6 |     4 |     1 ||    21
       Stone             |       |       |     3 |       |       ||     3
       Tomahawk          |       |       |       |     9 |       ||     9
       Javelin           |       |       |       |     3 |    39 ||    42
Invok: Minor Device Surg |       |       |       |     5 |     5 ||    10
       Device Surge      |       |       |       |       |     3 ||     3
       Quick Charge      |       |       |       |       |     3 ||     3
 Abil: Stop Flying       |       |       |       |       |     1 ||     1
       Evoke Flight      |       |       |       |       |     1 ||     1
Evoke: Wand              |       |       |     1 |    15 |    35 ||    51
       Deck              |       |       |       |       |     3 ||     3
  Use: Scroll            |       |     5 |     8 |     8 |    22 ||    43
       Potion            |       |       |       |     4 |    12 ||    16
 Stab: Held in net/web   |     2 |     1 |     2 |       |     1 ||     6
       Paralysed         |       |       |     5 |     8 |    10 ||    23
       Petrifying        |       |       |     3 |     2 |     7 ||    12
       Sleeping          |       |       |     4 |       |       ||     4
       Petrified         |       |       |     2 |       |     2 ||     4
       Confused          |       |       |     1 |       |     1 ||     2
       Fleeing           |       |       |       |     1 |       ||     1
  Eat: Bread ration      |       |     2 |     2 |     2 |     5 ||    11
       Pizza             |       |       |     1 |       |       ||     1
       Fruit             |       |       |       |     8 |     4 ||    12
       Royal jelly       |       |       |       |     1 |       ||     1
       Chunk             |       |       |       |     2 |     9 ||    11
